 Dungeon Crawl Stone Soup version 0.31.0-7-gf635a9b802 (webtiles) character file.

Game seed: 17259325436304085592

51992 BeingJoeMalik the Severer (level 14, -8/113 HPs)
             Began as a Merfolk Monk on Jan 23, 2024.
             Was the Champion of the Shining One.
             Mangled by a catoblepas (10 damage)
             ... while petrified by a catoblepas
             ... on level 4 of the Lair of Beasts.
             The game lasted 01:00:35 (17644 turns).

BeingJoeMalik the Severer (Merfolk Monk)           Turns: 17644, Time: 01:00:35

Health: -8/113     AC:  5    Str: 18    XL:     14   Next: 62%
Magic:  0/14       EV:  2    Int:  8    God:    the Shining One [******]
Gold:   177        SH:  0    Dex: 22    Spells: 13/13 levels left

rFire   + . .        n - +8 war axe "Ogo Aroc" {protect, rElec Will+ Stlth+}
rCold   + . .        (no shield)
rNeg    + + +        F - +0 troll leather armour
rPois   ∞            h - -2 hat of the Alchemist {rElec rPois rF+ rC+ rN+ Will+ rMut rCorr}
rElec   +            R - +0 cloak
rCorr   +            k - +0 pair of gloves
SInv    .            L - +0 pair of boots
Will    +++..        D - amulet of guardian spirit
Stlth   +            H - +6 ring of dexterity
HPRegen 1.18/turn    w - ring of resist corrosion
MPRegen 0.14/turn

%: resist mutation, guardian spirit
@: petrified, on berserk cooldown, slowed, glowing
A: (nimble swimmer 2), mertail, clumsy 1, screaming 1, strong 1, MP-powered
wands
a: Renounce Religion, Divine Shield, Cleansing Flame, Summon Divine Warrior,
Brand Weapon With Holy Wrath


You were on level 4 of the Lair of Beasts.
You worshipped the Shining One.
The Shining One was exalted by your worship.
You visited 4 branches of the dungeon, and saw 20 of its levels.
You also visited: Ice Cave.

You collected 1929 gold pieces.
You spent 1752 gold pieces at shops.

Inventory:

Hand Weapons
 n - the +8 war axe "Ogo Aroc" (weapon) {protect, rElec Will+ Stlth+}
   (You found it on level 6 of the Dungeon)

   rElec:     It insulates you from electricity.
   Will+:     It increases your willpower.
   Stlth+:    It makes you more stealthy.
 Q - a +1 battleaxe of flaming
Missiles
 g - 19 poisoned darts
 j - 7 javelins (quivered)
Armour
 h - the -2 hat of the Alchemist (worn) {rElec rPois rF+ rC+ rN+ Will+ rMut rCorr}
   (You bought it in a shop on level 2 of the Orcish Mines)

   rF+:       It protects you from fire.
   rC+:       It protects you from cold.
   rElec:     It insulates you from electricity.
   rPois:     It protects you from poison rN+: It protects you from negative
   energy.
   Will+:     It increases your willpower.
   rCorr:     It protects you from acid and corrosion.
   rMut:      It protects you from mutation.
 k - a +0 pair of gloves (worn)
 u - a +4 ring mail of poison resistance
 F - a +0 troll leather armour (worn)
 G - a +2 scale mail of willpower
 L - a +0 pair of boots (worn)
 R - a +0 cloak (worn)
 S - a +1 leather armour of resistance
 T - a +4 chain mail of fire resistance
Jewellery
 w - a ring of resist corrosion (right hand)
 D - an amulet of guardian spirit (around neck)
 H - a +6 ring of dexterity (left hand)
 I - the amulet of the Treeataur {Harm Regen+}
   (You took it off a tengu conjurer on level 10 of the Dungeon)

   [amulet of regeneration]

   Regen+:    It increases your rate of health regeneration.
   Harm:      It increases damage dealt and taken.
 J - a ring of poison resistance
 O - an amulet of the acrobat
Wands
 m - a wand of polymorph (11)
 o - a wand of paralysis (21)
 t - a wand of iceblast (21)
 K - a wand of flame (9)
Scrolls
 a - 2 scrolls of revelation
 d - 3 scrolls of fog
 e - a scroll of vulnerability
 f - 3 scrolls of amnesia
 i - 6 scrolls of teleportation
 l - 2 scrolls of blinking
 p - a scroll of enchant armour
 y - a scroll of fear
 B - 2 scrolls of identify
 M - a scroll of poison
 N - 2 scrolls of enchant weapon
Potions
 b - 4 potions of might
 c - 2 potions of ambrosia
 q - 2 potions of attraction
 r - a potion of invisibility
 s - 2 potions of degeneration
 v - a potion of mutation
 x - 4 potions of brilliance
 z - 2 potions of haste
 A - 7 potions of curing
 P - 2 potions of lignification


   Skills:
 + Level 11.5 Fighting
 * Level 17.3(17.6) Axes
 - Level 7.4(18.3) Polearms
 + Level 4.4 Armour
 + Level 9.9 Dodging


You had 13 spell levels left.
You didn't know any spells.
Your spell library contained the following spells:

 Spells                   Type           Power      Damage    Failure   Level
 Foxfire                  Conj/Fire      0%         2x1d4     45%         1
 Slow                     Hex            0%         N/A       45%         1
 Sting                    Conj/Alch      0%         1d3       45%         1
 Mercury Vapours          Alch/Air       0%         N/A       61%         2
 Scorch                   Fire           0%         2d5       61%         2
 Static Discharge         Conj/Air       0%         3-3/arc   61%         2
 Confusing Touch          Hex            0%         N/A       83%         3
 Dazzling Flash           Conj/Hex       0%         N/A       83%         3
 Inner Flame              Hex/Fire       0%         N/A       83%         3
 Mephitic Cloud           Conj/Alch/Air  0%         N/A       83%         3
 Sigil of Binding         Hex            0%         N/A       83%         3
 Teleport Other           Tloc           0%         N/A       83%         3
 Vampiric Draining        Necr           0%         2d6       83%         3
 Airstrike                Air            0%         2d(0-16)  99%         4
 Flame Wave               Conj/Fire      0%         2d4       99%         4
 Olgreb's Toxic Radiance  Alch           0%         N/A       99%         4
 Sticky Flame             Fire/Alch      0%         2d4       99%         4
 Summon Lightning Spire   Summ/Air       0%         N/A       99%         4
 Vhi's Electric Charge    Tloc/Air       0%         N/A       99%         4
 Arcjolt                  Conj/Air       0%         1d10      100%        5
 Curse of Agony           Necr           0%         N/A       100%        5
 Silence                  Hex/Air        0%         N/A       100%        5
 Dispersal                Tloc           0%         N/A       100%        6
 Plasma Beam              Fire/Air       0%         2x1d10    100%        6
 Starburst                Conj/Fire      0%         6d3       100%        6
 Summon Cactus Giant      Summ           0%         N/A       100%        6
 Lehudib's Crystal Spear  Conj/Erth      0%         10d2      100%        8
 Chain Lightning          Conj/Air       0%         N/A       100%        9
 Shatter                  Erth           0%         3d5*      100%        9


Dungeon Overview and Level Annotations

Branches:
Dungeon (13/15)            Temple (0/1) D:4            Lair (4/5) D:8
 Shoals (0/4) Lair:3       Spider (0/4) Lair:3          Orc (2/2) D:12
    Elf (1/3) Orc:2         IceCv (visited)
  Slime: Lair:4-5    Vaults: D:13-14

Altars:
Dithmenos
Gozag
Nemelex Xobeh
Uskayaw
Xom
The Shining One

Shops:
D:3 (   Orc:2 =[:*

Portals:
Trove: D:12 (give 4 scrolls of blinking)

Annotations:
D:3 1 runed translucent door, Laqueoixx's ghost, amateur OpSh
D:5 3 runed translucent doors, Skeral's ghost, novice NaSh
D:8 1 runed translucent door, SnakkuSnakku7's ghost, journeyman DjMo
D:13 Nessos
Lair:2 exclusion: oklob plant
Lair:3 3 runed translucent doors, Luuwnalu's ghost, journeyman KoHu


Innate Abilities, Weirdness & Mutations

((You are very nimble when in or above water. (Stealth+, EV+, Speed+++)))
Your lower body shifts to a powerful aquatic tail in water.
You are clumsy. (Dex -2)
You occasionally shout uncontrollably at your foes.
Your muscles are strong. (Str +4, Int/Dex -1)
You expend magic power (3 MP) to strengthen your wands.


Message History

A red film seems to cover your vision as you go berserk!
You feel yourself moving faster!
You feel mighty!
The catoblepas breathes a plume of calcifying dust at you.
The blast of calcifying dust hits you but does no damage.
Unknown command.
You slice the catoblepas!! You punch the catoblepas.
The catoblepas is almost dead.
You slash the komodo dragon!
You kill the komodo dragon!
You are engulfed in calcifying dust.
You are slowing down.
Unknown command.
The catoblepas breathes a plume of calcifying dust at you.
The blast of calcifying dust hits you!
* * * LOW HITPOINT WARNING * * *
Unknown command.
Found 13 gold pieces.
You feel a strong urge to attack something.
The catoblepas gores you!!
* * * LOW HITPOINT WARNING * * *
Your limbs are stiffening.
Unknown command.
You slash the catoblepas!
The catoblepas is almost dead.
The catoblepas gores you!
* * * LOW HITPOINT WARNING * * *
You have turned to stone.
The catoblepas breathes a plume of calcifying dust at you.
The blast of calcifying dust hits you but does no damage.
You are engulfed in calcifying dust.
The catoblepas breathes a plume of calcifying dust at you.
The blast of calcifying dust hits you but does no damage.
You are engulfed in calcifying dust.
The catoblepas gores you but does no damage.
You are engulfed in calcifying dust.
The catoblepas gores you!
* * * LOW HITPOINT WARNING * * *
You are engulfed in calcifying dust.
You are no longer berserk.
You feel yourself slow down. The catoblepas gores you!!
You die...

##### ############ ####
.##P###.##P#PP##.###....
........................
...........)....†.......
.....P#########...#..#+.
.....## #....###..#
)....# #....#.##..
.....# ##.§.......
.....# #.Y@§##....
.....# ##...# .#. #....#
# #...... # #....#P.
#.....## #.......
....... #.......
......... ........
........... ........
.........$... ........


You could see a catoblepas.

Vanquished Creatures
  Gastronok (D:11)
  Snorg (D:10)
  4 boulder beetles
  2 centaur warriors (D:13)
  A two-headed ogre (D:11)
  2 orc high priests (Orc:2)
  A tengu warrior (D:10)
  Urug (D:13)
  7 death yaks
  4 skeletal warriors
  2 arcanists (D:11)
  An orc knight (D:12)
  Pikel (D:5)
  2 wolf spiders (Lair:3)
  4 orc sorcerers (Orc:2)
  2 deep elf pyromancers (D:11)
  3 ugly things
  4 cyclopes
  4 elephants
  2 kobold blastminers (Orc:1)
  Joseph (D:7)
  A gargoyle (D:12)
  5 cane toads
  Jeremiah (D:7)
  An unseen horror (D:13)
  A tengu conjurer (D:10)
  3 rime drakes
  5 komodo dragons
  Psyche (D:9)
  2 hornets
  5 trolls
  13 blink frogs
  7 slime creatures
  7 dream sheep (Lair:4)
  A jumping spider (Lair:3)
  4 shadows
  Sigmund (D:3)
  A culicivora (Lair:3)
  5 wyverns
  A spriggan (shapeshifter) (D:13)
  9 yaks
  A wraith (D:12)
  Grum (D:8)
  3 basilisks
  2 death yak simulacra (IceCv)
  A steam dragon (D:9)
  2 wargs
  6 vampire mosquitoes
  2 acid dragons
  6 water moccasins
  19 orc warriors
  A sky beast (D:7)
  A black bear (D:4)
  An ice beast (D:4)
  8 ogres
  30 wolves
  4 centaurs
  4 lemures (D:5)
  A kobold brigand (D:5)
  16 bullfrogs
  3 gnoll sergeants
  A cane toad simulacrum (IceCv)
  5 scorpions
  3 wights (D:10)
  8 killer bees
  5 howler monkeys (D:9)
  2 bombardier beetles
  4 hounds
  2 gnoll boudas
  3 jellies
  19 orc priests
  2 sleepcaps
  9 iguanas
  Terence (D:2)
  Ijyb (D:4)
  44 orc wizards
  A polar bear simulacrum (IceCv)
  A wolf simulacrum (IceCv)
  Robin (D:4)
  7 adders
  22 gnolls
  15 white imps
  4 ufetubi
  2 ribbon worms (D:2)
  58 orcs
  A bat (D:3)
  8 endoplasms
  4 giant cockroaches
  13 goblins
  4 hobgoblins
  5 quokkas
  3 ball pythons (D:2)
  A frilled lizard (D:2)
  7 kobolds
  2 rats
504 creatures vanquished.

Notes
Turn   | Place    | Note
-------+----------+-------------------------------------------
     0 | D:1      | BeingJoeMalik the Merfolk Monk began the quest for the Orb.
     0 | D:1      | Reached XP level 1. HP: 18/18 MP: 1/1
   234 | D:1      | Reached XP level 2. HP: 21/24 MP: 2/2
   450 | D:1      | Reached skill level 5 in Polearms
   591 | D:2      | Reached XP level 3. HP: 14/29 MP: 3/3
   692 | D:2      | Noticed Terence
   784 | D:2      | Killed Terence
  1277 | D:2      | Reached XP level 4. HP: 34/35 MP: 4/4
  1305 | D:2      | Found a faded altar of an unknown god.
  1311 | D:2      | Prayed at the altar of an unknown god.
  1311 | D:2      | Became a worshipper of the Shining One
  1311 | D:2      | Reached * piety under the Shining One
  1311 | D:2      | Reached ** piety under the Shining One
  1626 | D:2      | Gained mutation: You occasionally shout uncontrollably at
                  | your foes. [potion of mutation]
  1626 | D:2      | Gained mutation: You expend magic power (3 MP) to
                  | strengthen your wands. [potion of mutation]
  1626 | D:2      | Gained mutation: Your muscles are strong. (Str +4, Int/Dex
                  | -1) [potion of mutation]
  1637 | D:2      | Reached XP level 5. HP: 10/41 MP: 5/5
  1866 | D:3      | Found a runed translucent door.
  1867 | D:3      | Noticed Laqueoixx's ghost (amateur OpSh)
  1890 | D:3      | You fall into a shaft and drop 3 floors!
  1909 | D:6      | Identified the +8 war axe "Ogo Aroc" {protect, rElec Will+
                  | Stlth+}
  1915 | D:6      | Reached skill level 1 in Axes
  1923 | D:5      | Entered Level 5 of the Dungeon
  1923 | D:5      | Reached *** piety under the Shining One
  1978 | D:5      | Reached skill level 2 in Axes
  1982 | D:6      | Reached XP level 6. HP: 39/47 MP: 6/6
  2015 | D:5      | Reached skill level 3 in Axes
  2067 | D:3      | Noticed Sigmund
  2071 | D:3      | Killed Sigmund
  2072 | D:3      | Reached skill level 4 in Axes
  2072 | D:3      | Reached XP level 7. HP: 41/52 MP: 7/7
  2290 | D:3      | Found Feicout's Weapon Emporium.
  2380 | D:4      | Found a staircase to the Ecumenical Temple.
  2422 | D:4      | Reached skill level 5 in Axes
  2569 | D:4      | Reached skill level 6 in Axes
  2569 | D:4      | Reached XP level 8. HP: 54/58 MP: 8/8
  2769 | D:4      | Noticed Robin
  2792 | D:4      | Killed Robin
  2830 | D:4      | Noticed Ijyb
  2844 | D:4      | Killed Ijyb
  2970 | D:5      | Reached skill level 7 in Axes
  3083 | D:5      | Noticed Pikel
  3135 | D:5      | Killed Pikel
  3136 | D:5      | Reached skill level 8 in Axes
  3136 | D:5      | Reached XP level 9. HP: 57/64 MP: 9/9
  3174 | D:5      | Found a runed translucent gate.
  3175 | D:5      | Found a runed translucent gate.
  3177 | D:5      | Found a runed translucent gate.
  3179 | D:5      | Noticed Skeral's ghost (novice NaSh)
  3777 | D:6      | Reached skill level 9 in Axes
  4220 | D:7      | Noticed Jeremiah
  4220 | D:7      | Reached **** piety under the Shining One
  4452 | D:6      | Reached skill level 10 in Axes
  4962 | D:7      | Killed Jeremiah
  4963 | D:7      | Reached XP level 10. HP: 62/73 MP: 0/10
  5244 | D:7      | Noticed Joseph
  5304 | D:7      | Killed Joseph
  5305 | D:7      | Reached skill level 5 in Dodging
  5781 | D:8      | Noticed Grum
  5788 | D:8      | Killed Grum
  5789 | D:8      | Reached skill level 11 in Axes
  5942 | D:8      | Found a runed translucent door.
  5942 | D:8      | Noticed SnakkuSnakku7's ghost (journeyman DjMo)
  6020 | D:8      | Found a staircase to the Lair.
  6020 | D:8      | Noticed a death yak
  6035 | D:8      | Reached skill level 5 in Fighting
  6042 | D:8      | Killed a death yak
  6247 | D:8      | Identified the +0 leather armour of the Hidden Vale {+Inv
                  | Fly rPois Str-2}
  6436 | D:8      | Reached skill level 1 in Armour
  6614 | D:8      | Reached skill level 12 in Axes
  6739 | D:9      | Reached XP level 11. HP: 67/80 MP: 11/11
  7256 | D:9      | Noticed Psyche
  7265 | D:9      | Killed Psyche
  7633 | D:10     | Entered Level 10 of the Dungeon
  7980 | D:10     | Noticed Snorg
  7998 | D:10     | Killed Snorg
  7999 | D:10     | Reached skill level 13 in Axes
  8083 | D:10     | Noticed a tengu warrior
  8103 | D:10     | Killed a tengu warrior
  8104 | D:10     | Noticed a cyclops
  8117 | D:10     | Killed a cyclops
  8128 | D:10     | Identified the amulet of the Treeataur {Harm Regen+}
  8155 | D:10     | Identified the +2 ring mail of the Candlemaker {Int+8 Dex-2
                  | Stlth+}
  8468 | D:10     | Found a sparkling altar of Nemelex Xobeh.
  8469 | D:10     | Found a shadowy altar of Dithmenos.
  8470 | D:10     | Found an opulent altar of Gozag.
  8811 | D:11     | Noticed Gastronok
  8832 | D:11     | Killed Gastronok
  8891 | D:11     | Noticed a purple ugly thing
  8901 | D:11     | Killed a purple ugly thing
  8959 | D:11     | Noticed a cyclops
  8981 | D:11     | Killed a cyclops
  8982 | D:11     | Reached XP level 12. HP: 89/89 MP: 12/12
  9049 | D:11     | Reached skill level 14 in Axes
  9056 | D:11     | Got the Compilation of Combed Thunderclap
  9063 | D:11     | Got the Omnibus of Plaster Cramp
  9109 | D:11     | Noticed a two-headed ogre
  9117 | D:11     | Killed a two-headed ogre
  9215 | D:10     | Found a glowing golden altar of the Shining One.
  9215 | D:10     | Found a shimmering altar of Xom.
  9473 | D:11     | Got the Book of Axaxaxas mlö
  9729 | D:12     | Reached ***** piety under the Shining One
  9995 | D:12     | Found a portal to a secret trove of treasure.
 10037 | D:12     | Noticed a boulder beetle
 10053 | D:12     | Killed a boulder beetle
 10179 | D:12     | Noticed a boulder beetle
 10205 | D:12     | Killed a boulder beetle
 10206 | D:12     | Reached skill level 15 in Axes
 10262 | D:12     | Found a staircase to the Orcish Mines.
 10444 | D:12     | Noticed a boulder beetle
 10465 | D:12     | Killed a boulder beetle
 10659 | Orc:1    | Entered Level 1 of the Orcish Mines
 10828 | Orc:1    | Reached XP level 13. HP: 96/99 MP: 13/13
 11034 | Orc:1    | You fall into a shaft and drop 1 floor!
 11034 | Orc:2    | Entered Level 2 of the Orcish Mines
 11093 | Orc:1    | Found a frozen archway.
 11110 | IceCv    | Entered an ice cave
 11154 | IceCv    | Found a transporter.
 11170 | IceCv    | Found a transporter.
 12233 | Orc:2    | Reached ****** piety under the Shining One
 12243 | Orc:2    | Gained mutation: You are clumsy. (Dex -2) [a neqoxec]
 12435 | Orc:2    | Reached skill level 16 in Axes
 12872 | Orc:2    | Found Plog's Jewellery Emporium.
 12872 | Orc:2    | Found Nira's General Store.
 12872 | Orc:2    | Found Vicvusia's Antique Armour Emporium.
 12876 | Orc:2    | Found Juis's Book Shoppe.
 12956 | Orc:2    | Found a staircase to the Elven Halls.
 13303 | Orc:2    | Bought the -2 hat of the Alchemist {rElec rPois rF+ rC+ rN+
                  | Will+ rMut rCorr} for 1463 gold pieces
 13303 | Orc:2    | Found the -2 hat of the Alchemist {rElec rPois rF+ rC+ rN+
                  | Will+ rMut rCorr}
 13315 | Orc:2    | Bought 2 potions of degeneration for 34 gold pieces
 13315 | Orc:2    | Bought a potion of curing for 51 gold pieces
 13315 | Orc:2    | Bought a potion of heal wounds for 85 gold pieces
 13315 | Orc:2    | Bought a scroll of teleportation for 51 gold pieces
 13315 | Orc:2    | Bought a scroll of fog for 68 gold pieces
 13341 | Elf:1    | Entered Level 1 of the Elven Halls
 13449 | D:13     | Noticed Urug
 13450 | D:13     | Noticed Nessos
 13585 | D:13     | HP: 3/101 [centaur warrior/arrow (20)]
 14196 | D:13     | Killed Urug
 14367 | Lair:1   | Entered Level 1 of the Lair of Beasts
 14446 | Lair:1   | Found a hide-covered altar of Uskayaw.
 14484 | Lair:1   | Reached skill level 10 in Fighting
 14749 | Lair:1   | Reached XP level 14. HP: 92/110 MP: 9/14
 15976 | Lair:2   | Reached skill level 17 in Axes
 16571 | Lair:3   | Found a staircase to the Shoals.
 16920 | Lair:3   | Found a runed translucent gate.
 16920 | Lair:3   | Found a runed translucent gate.
 16920 | Lair:3   | Found a runed translucent gate.
 16920 | Lair:3   | Noticed Luuwnalu's ghost (journeyman KoHu)
 17148 | Lair:3   | Found a hole to the Spider Nest.
 17590 | Lair:4   | Identified the +11 dagger "Dothorag" {holy, rPois Int+5
                  | Dex-3}
 17639 | Lair:4   | HP: 3/169 [catoblepas (8)]
 17644 | Lair:4   | Mangled by a catoblepas

Illustrated notes

Levels and vault maps discovered:
D:1:      minmay_arrival_stone_box, layout_basic
D:2:      layout_loops_ring, ebering_ecumenical_altar_webs, feat_on_display,
          uniq_terence
D:3:      layout_rooms, hellmonk_ghost_happy_afterlife, serial_shops,
          nicolae_shop_waterfront, uniq_sigmund
D:4:      minmay_wonky_spiral, layout_basic,
          minmay_temple_entry_drinking_statues, uniq_robin, uniq_ijyb
D:5:      layout_rooms, gammafunk_ghost_necromancy,
          nicolae_concentric_dashed_squares_wild, st_stairs_5, uniq_pikel
D:6:      layout_cave_pools
D:7:      layout_layer_cave, uniq_jeremiah, uniq_joseph
D:8:      layout_basic, david_lair_generic, gammafunk_ghost_grave,
          grunt_ministairs_10, grunt_decor_arrowhead, kennysheep_nondescript,
          uniq_grum
D:9:      layout_stronghold, uniq_psyche
D:10:     layout_roguey, nicolae_overflow_hidden_temple, minmay_radiant,
          uniq_snorg
D:11:     layout_irregular_city, bh_hangedman_babel_library, uniq_gastronok
D:12:     layout_basic, orc_0_dummy, nicolae_trove_entry_crystal, dk_vineyard_1
D:13:     layout_loops_ring, grunt_ministairs_8, nicolae_figureground_pulse,
          uniq_urug, uniq_nessos
Lair:1:   layout_regular_city, basic_altar, grunt_megastairs_3
Lair:2:   layout_cave_pods
Lair:3:   layout_gridlike, elwin_shoals_entry_rocks,
          spider_nest_entry_funnel_web, ebering_ghost_rock_garden,
          nicolae_lair_run_with_the_wolves
Lair:4:   layout_regular_city, nicolae_slime_entry_slimehenge,
          grunt_megastairs_4
Orc:1:    layout_caves, portal_ice_cave_entry_imps
Orc:2:    st_orc_mages, layout_diamond_mine, special_room,
          nicolae_orc_bridge_out
Elf:1:    minmay_elf_arrival_circle, layout_geoelf_octagon,
          nicolae_elf_crossing_hall

Skill      XL: |  1  2  3  4  5  6  7  8  9 10 11 12 13 14 |
---------------+-------------------------------------------+-----
Polearms       | 5 6 7 |  7.4
Axes           | 2 4 6 8 10 12 13 15 16 17 | 17.3
Fighting       | 4 5 6 8 10 11 | 11.5
Dodging        | 5 6 7 8 9 |  9.9
Armour         | 1 2 3 4 |  4.4

Action                     |  1- 3 |  4- 6 |  7- 9 | 10-12 | 13-15 || total
---------------------------+-------+-------+-------+-------+-------++-------
  Melee: Spear             |    69 |    63 |       |       |       ||   132
         War axe           |       |    18 |   224 |   466 |   702 ||  1410
         Punch             |       |       |     7 |     8 |    16 ||    31
  Throw: Javelin           |       |       |     5 |    26 |     9 ||    40
 Invoke: Divine Shield     |       |       |       |     2 |     1 ||     3
  Evoke: Wand              |       |       |     5 |     7 |       ||    12
    Use: Potion            |     2 |     2 |       |     1 |     6 ||    11
         Scroll            |       |       |    11 |    10 |     1 ||    22
 Armour: Robe              |    18 |    47 |   149 |     8 |       ||   222
         Ring mail         |       |       |       |   175 |       ||   175
         Troll leather arm |       |       |       |   110 |   376 ||   486
  Dodge: Dodged            |    20 |    48 |   151 |   289 |   405 ||   913
  Block: Other             |       |       |       |     8 |     3 ||    11
